 Dungeon Crawl Stone Soup version 0.28-a0-984-g3775c662fe (webtiles) character file.

Game seed: 8601960079113408561

215 vurker the Gusty (level 5, 0/30 HPs)
             Began as a Tengu Air Elementalist on Dec 3, 2021.
             Slain by a jackal (2 damage)
             ... on level 4 of the Dungeon.
             The game lasted 00:02:28 (2870 turns).

vurker the Gusty (Tengu Air Elementalist)           Turns: 2870, Time: 00:02:28

Health: 0/30       AC:  2    Str:  9    XL:     5   Next: 92%
Magic:  3/11       EV: 18    Int: 17    God:
Gold:   69         SH:  0    Dex: 14    Spells: 9/10 levels left

rFire   . . .      SeeInvis .   c - +0 dagger
rCold   . . .      Faith    .   (no shield)
rNeg    . . .      Spirit   .   a - +0 robe
rPois   .          Reflect  .   (helmet restricted)
rElec   .          Harm     .   (no cloak)
rCorr   .          Rampage  .   (no gloves)
Will    .....                   (boots unavailable)
Stlth   ++........              (no amulet)
HPRegen 0.10/turn               h - +4 ring of evasion
MPRegen 0.12/turn               (no ring)

@: flying quickly and evasively, quick
A: beak, talons 3, nimble flight
a: no special abilities


You were on level 4 of the Dungeon.
You visited 1 branch of the dungeon, and saw 4 of its levels.

You collected 135 gold pieces.
You spent 66 gold pieces at shops.

Inventory:

Hand Weapons
 c - a +0 dagger (weapon)
   (You took it off a goblin on level 1 of the Dungeon)
Armour
 a - a +0 robe (worn)
Jewellery
 h - a +4 ring of evasion (left hand)
   (You found it on level 3 of the Dungeon)
Wands
 t - a wand of flame (16)
   (You took it off Natasha on level 3 of the Dungeon)
Scrolls
 b - a scroll of fog {unknown}
 e - a scroll of teleportation {unknown}
 g - a scroll of identify {unknown}
 i - 2 scrolls of noise {unknown}
 j - a scroll of torment {unknown}
 k - a scroll of immolation {unknown}
 m - a scroll of silence {unknown}
Potions
 d - a potion of heal wounds {unknown}
 f - a potion of flight {unknown}
 l - 2 potions of curing


   Skills:
 + Level 2.0 Fighting
 - Level 2.1 Dodging
 - Level 2.0 Stealth
 * Level 3.4 Spellcasting
 + Level 3.2 Conjurations
 * Level 5.8 Air Magic


You had 9 spell levels left.
You knew the following spells:

 Your Spells              Type           Power      Damage    Failure   Level
a - Shock                 Conj/Air       72%        1d7       2%          1

Your spell library contained the following spells:

 Spells                   Type           Power      Damage    Failure   Level
 Static Discharge         Conj/Air       18%        N/A       4%          2
 Swiftness                Air            22%        N/A       4%          3
 Airstrike                Air            11%        N/A       16%         4


Dungeon Overview and Level Annotations

Branches:
Dungeon (4/15)
 Temple: D:4-7

Altars:

Shops:
D:3 !

Annotations:
D:4 1 transporter, Ijyb; Ska's ghost, amateur OpWz


Innate Abilities, Weirdness & Mutations

You have a beak for a mouth.
You have claws for feet.
Your magical nature lets you fly swiftly and evasively.


Message History

Aim: Ijyb, wielding a +0 club, wearing a +0 leather armour and carrying a wand of mindburst (18) (64% to hit)
The zap hits Ijyb but does no damage.
Aim: Ijyb, wielding a +0 club, wearing a +0 leather armour and carrying a wand of mindburst (18) (64% to hit)
The zap hits Ijyb.
Aim: Ijyb, wielding a +0 club, wearing a +0 leather armour and carrying a wand of mindburst (18) (lightly wounded, 64% to hit)
The zap hits Ijyb.
Ijyb zaps a wand.
Your mind is blasted!
Unknown command.
Aim: Ijyb, wielding a +0 club, wearing a +0 leather armour and carrying a wand of mindburst (17) (lightly wounded, 64% to hit)
The zap hits Ijyb.
Aim: Ijyb, wielding a +0 club, wearing a +0 leather armour and carrying a wand of mindburst (17) (lightly wounded, 64% to hit)
The zap misses Ijyb.
A kobold comes into view. It is wielding a +0 dagger.
The kobold shouts!
The kobold throws a stone.
The stone barely misses you.
The kobold throws a stone.
The stone misses you.
Aim: a kobold, wielding a +0 dagger and quivering stones (64% to hit)
The zap hits the kobold.
You kill the kobold!
Things that are here:
a +0 dagger; 2 stones; a kobold corpse 3 jackals come into view.
Aim: a jackal (64% to hit)
The zap hits the jackal.
The jackal barks! x2
The jackal barely misses you. The jackal misses you.
You hit the jackal. You claw the jackal. The jackal barely misses you.
The jackal closely misses you. The jackal closely misses you. x3
Ijyb zaps a wand.
Your mind is blasted!
Ouch! That really hurt!
* * * LOW HITPOINT WARNING * * *
You hit the jackal but do no damage. The jackal completely misses you.
The jackal bites you but does no damage.
The jackal closely misses you. The jackal bites you.
* * * LOW HITPOINT WARNING * * *
The jackal closely misses you. The jackal bites you.
* * * LOW HITPOINT WARNING * * *
The jackal completely misses you.
Aim: a jackal (moderately wounded, 64% to hit)
The zap hits the jackal.
The jackal bites you.
* * * LOW HITPOINT WARNING * * *
The jackal completely misses you. The jackal closely misses you.
Aim: a jackal (heavily wounded, 64% to hit)
The zap hits the jackal.
You kill the jackal!
The jackal bites you.
You die...

#.## .#####....###......
.###©####..g.....# #....!.
........).####....#.......
#.......### #............
.........## ##......
........<.## #.......
...####.g..###........ ..
##.hh.......... .
##@....... ##.......
#...... .(.... ....##
..### #


You could see Ijyb and 2 jackals.

Vanquished Creatures
  Jessica (D:2)
  Natasha (thrice) (D:3)
  Terence (D:2)
  2 adders
  2 worms
  3 dart slugs
  3 orcs (D:3)
  5 ball pythons
  2 endoplasms
  5 giant cockroaches
  2 goblins (D:1)
  4 hobgoblins
  3 jackals
  4 quokkas
  9 bats
  2 frilled lizards
  4 kobolds
  3 rats
58 creatures vanquished.

Notes
Turn   | Place    | Note
-------+----------+-------------------------------------------
     0 | D:1      | vurker the Tengu Air Elementalist began the quest for the
                  | Orb.
     0 | D:1      | Reached XP level 1. HP: 10/10 MP: 4/4
   154 | D:1      | Reached XP level 2. HP: 15/15 MP: 3/6
   470 | D:1      | Found a faded altar of an unknown god.
  1073 | D:2      | Reached XP level 3. HP: 16/20 MP: 1/7
  1141 | D:2      | Reached skill level 1 in Fighting
  1281 | D:2      | Noticed Jessica
  1286 | D:2      | Killed Jessica
  1287 | D:2      | Reached XP level 4. HP: 25/25 MP: 2/9
  1542 | D:2      | Reached skill level 5 in Air Magic
  1631 | D:2      | Noticed Terence
  1644 | D:2      | Killed Terence
  1876 | D:3      | Noticed Natasha
  1883 | D:3      | Killed Natasha
  1884 | D:3      | Gained mutation: Your magical nature lets you fly swiftly
                  | and evasively. [Tengu growth]
  1884 | D:3      | Reached XP level 5. HP: 21/30 MP: 3/10
  1922 | D:3      | Noticed Natasha
  1931 | D:3      | Killed Natasha
  2116 | D:3      | Noticed Natasha
  2121 | D:3      | Killed Natasha
  2765 | D:3      | Found Syeth's Distillery.
  2787 | D:3      | Bought 2 potions of curing for 66 gold pieces
  2808 | D:4      | Found a transporter.
  2811 | D:4      | Noticed Ska's ghost (amateur OpWz)
  2828 | D:4      | Noticed Ijyb
  2870 | D:4      | Slain by a jackal

Illustrated notes

Levels and vault maps discovered:
D:1:      mrwooster_arrival_statue_3, layout_rooms,
          chequers_ecumenical_altar_island, kennysheep_minor_cross
D:2:      layout_basic, uniq_terence, uniq_jessica
D:3:      layout_rooms, serial_shops, shop_statue, minmay_ruptured, uniq_natasha
D:4:      layout_layer_cave, gammafunk_ghost_stat_death, minmay_quantized,
          uniq_ijyb

Skill      XL: |  1  2  3  4  5 |
---------------+----------------+-----
Fighting       | 1 2 |  2.0
Conjurations   | 2 3 |  3.2
Air Magic      | 5 |  5.8
Spellcasting   | 3 |  3.4
Dodging        | |  2.1
Stealth        | |  2.0

Action                   |  1- 3 |  4- 6 || total
-------------------------+-------+-------++-------
Melee: Dagger            |     9 |     3 ||    12
       Kick              |     1 |     1 ||     2
       Peck              |     1 |     1 ||     2
       Unarmed           |     1 |       ||     1
 Cast: Shock             |    55 |   102 ||   157
Armor: Robe              |     3 |     2 ||     5
Dodge: Dodged            |    15 |    21 ||    36

Table legend: (Time is in decaauts)
 A = Elapsed time spent in this place.
 B = Non-inter-level travel time spent in this place.
 C = Inter-level travel time spent in this place.
 D = Time resting spent in this place.
 E = Time spent auto-exploring this place.
 F = Levels seen in this place.
 G = Mean time per level.
                   A        B        C        D        E       F      G
               +--------+--------+--------+--------+--------+-----+--------+
         Total |   2831 |   2789 |     42 |      0 |   2419 |   4 |  707.8 |
       Dungeon |   2831 |   2789 |     42 |      0 |   2419 |   4 |  707.8 |
               +--------+--------+--------+--------+--------+-----+--------+

Top non-repeatable levels by time:
     D:1: 1043 daAuts
     D:3: 918 daAuts
     D:2: 806 daAuts
     D:4: 63 daAuts
